 Dungeon Crawl Stone Soup version 0.30-a0-1016-gfb0d676c02 (webtiles) character file.

Game seed: 14087664587935924093

870 Demosthentine the Ducker (level 7, -9/55 HPs)
             Began as a Demonspawn Gladiator on Apr 6, 2023.
             Mangled by an ogre zombie
             ... wielding a +0 giant spiked club of venom
              (19 damage)
             ... on level 5 of the Dungeon.
             The game lasted 00:04:34 (3817 turns).

Demosthentine the Ducker (Demonspawn Gladiator)     Turns: 3817, Time: 00:04:35

Health: -9/55      AC:  6    Str: 16    XL:     7   Next: 73%
Magic:  7/7        EV: 13    Int: 10    God:
Gold:   985        SH:  0    Dex: 14    Spells: 6/6 levels left

rFire   . . .      SeeInvis .    a - +0 trident (flame)
rCold   + . .      Faith    .    (no shield)
rNeg    . . .      Spirit   .    b - +0 leather armour
rPois   .          Reflect  .    c - +1 helmet
rElec   .          Rampage  .    p - +0 cloak
rCorr   .                        (no gloves)
Will    .....                    (no boots)
Stlth   +                        (no amulet)
HPRegen 0.29/turn                j - ring of protection from cold
MPRegen 0.10/turn                (no ring)

@: lethally poisoned (-9 -> -13)
A: spiny 2, demonic touch 1
a: no special abilities


You were on level 5 of the Dungeon.
You visited 1 branch of the dungeon, and saw 5 of its levels.

You collected 985 gold pieces.

Inventory:

Hand Weapons
 a - a +0 trident of flaming (weapon)
Missiles
 d - a throwing net (quivered)
 e - a javelin
Armour
 b - a +0 leather armour (worn)
 c - a +1 helmet (worn)
 p - a +0 cloak (worn)
Jewellery
 j - a ring of protection from cold (left hand)
 o - a ring of wizardry
 r - a ring of fire
 t - a ring of fire
Wands
 i - a wand of flame (12)
 m - a wand of mindburst (16)
Scrolls
 g - a scroll of butterflies
 k - 2 scrolls of brand weapon
 v - a scroll of torment
Potions
 f - 2 potions of might
 h - 2 potions of mutation
 l - a potion of magic
 n - 2 potions of lignification
 q - 3 potions of cancellation {unknown}
 u - a potion of resistance
 w - 3 potions of heal wounds {unknown}


   Skills:
 + Level 4.7 Fighting
 + Level 4.8 Polearms
 - Level 1.7 Throwing
 + Level 3.8 Armour
 + Level 4.8 Dodging


You had 6 spell levels left.
You didn't know any spells.
Your spell library contained the following spells:

 Spells                   Type           Power      Damage    Failure   Level
 Blink                    Tloc           0%         N/A       56%         2
 Lesser Beckoning         Tloc           0%         N/A       56%         2
 Momentum Strike          Conj/Tloc      0%         3d8       56%         2
 Sublimation of Blood     Necr           0%         N/A       56%         2
 Call Canine Familiar     Summ           0%         N/A       80%         3
 Portal Projectile        Hex/Tloc       0%         N/A       80%         3
 Stone Arrow              Conj/Erth      0%         3d7       80%         3
 Animate Armour           Summ/Erth      0%         N/A       99%         4
 Leda's Liquefaction      Hex/Erth       0%         N/A       99%         4
 Petrify                  Tmut/Erth      0%         N/A       99%         4
 Irradiate                Conj/Tmut      0%         3d11      100%        5
 Lehudib's Crystal Spear  Conj/Erth      0%         10d2      100%        8


Dungeon Overview and Level Annotations

Branches:
Dungeon (5/15)
 Temple: D:4-7

Altars:
Ashenzari
Cheibriados
Fedhas
Qazlal

Shops:
D:4 [

Annotations:
D:5 1 transporter


Innate Abilities, Weirdness & Mutations

You are mostly covered in sharp spines.
Your touch may inflict minor irresistible damage on your foes.


Message History

Unknown command.
You are engulfed in poison gas.
You are poisoned.
You feel very sick.
The orc warrior zombie is struck by your spines.
The orc warrior zombie hits you with a +2 flail of venom.
There is an open gate here.
You puncture the orc warrior zombie! You burn the orc warrior zombie.
The orc warrior zombie is heavily damaged.
You are engulfed in poison gas.
You are more poisoned.
You feel very sick.
You barely miss the orc warrior zombie.
The orc warrior zombie is heavily damaged.
You are engulfed in poison gas.
You are lethally poisoned!
* * * LOW HITPOINT WARNING * * *
You feel extremely sick.
The orc warrior zombie is struck by your spines.
The orc warrior zombie hits you with a +2 flail of venom!
* * * LOW HITPOINT WARNING * * *
You are more poisoned.
Okay, then.
Unknown command.
Unknown command.
Unknown command.
You feel better.
You are engulfed in poison gas.
You are poisoned.
* * * LOW HITPOINT WARNING * * *
You feel sick.
The orc warrior zombie is struck by your spines.
You destroy the orc warrior zombie!
Unknown command.
Unknown command.
You feel sick.
Unknown command.
You hit the ogre zombie. You burn the ogre zombie.
The ogre zombie is lightly damaged.
You feel sick.
The ogre zombie is struck by your spines.
The ogre zombie hits you with a +0 giant spiked club of venom!!
You die...

.....# #...### #.#####.....#.####
...#.# #..######.......#.#.#.# ##
.....# #.........#####.......###.
.#.#.# #.#######.........#.......
.....###.#○○○°.########....#.#..#
.#.#.....#°°○☼○#☼○°.○○#....#.#..#
......####☼○☼°○#☼°.°°.#....#>...#
#####.#..#($.°○Z.#.#○○#..#.####.#
#...©#©?.°°Z@..©☼☼#©........#
###..#$$.○°○.#.#☼○#..#####..#
####○○○○○#☼°.☼○.#..# #..#
##°°☼○°#☼○○.○°#### #...
#☼☼○°°###############.#. ######
#...........).## #...............
################


You could see 2 ogre zombies.

Vanquished Creatures
  Edmund (D:5)
  A black bear (D:4)
  An ice beast (D:5)
  2 ogres (D:5)
  A scorpion (D:5)
  2 orc priests (D:5)
  A gnoll bouda (D:5)
  2 hounds
  Jessica (D:3)
  5 gnolls (D:5)
  An orc zombie (D:5)
  5 adders
  A white imp (D:5)
  A worm (D:5)
  2 dart slugs
  7 orcs
  5 ball pythons
  3 bats
  4 endoplasms
  2 goblins
  5 hobgoblins
  4 jackals
  3 quokkas
  5 frilled lizards
  8 kobolds
  4 rats
77 creatures vanquished.

Notes
Turn   | Place    | Note
-------+----------+-------------------------------------------
     0 | D:1      | Demosthentine the Demonspawn Gladiator began the quest for
                  | the Orb.
     0 | D:1      | Reached XP level 1. HP: 16/16 MP: 1/1
   248 | D:1      | Gained mutation: Your touch may inflict minor irresistible
                  | damage on your foes. [demonic ancestry]
   248 | D:1      | Reached XP level 2. HP: 16/22 MP: 2/2
   726 | D:1      | Identified a scroll of acquirement
   726 | D:1      | Acquired 754 gold pieces
   933 | D:2      | Reached skill level 1 in Armour
   938 | D:2      | Gained mutation: You are partially covered in sharp spines.
                  | [demonic ancestry]
   938 | D:2      | Reached XP level 3. HP: 28/28 MP: 3/3
  1372 | D:3      | Noticed Jessica
  1379 | D:3      | Killed Jessica
  1380 | D:3      | Reached XP level 4. HP: 33/34 MP: 4/4
  1418 | D:3      | Found a broken altar of Ashenzari.
  1792 | D:4      | Found a stormy altar of Qazlal.
  1835 | D:4      | Noticed a black bear
  1846 | D:4      | Killed a black bear
  1847 | D:4      | Reached XP level 5. HP: 21/41 MP: 5/5
  2161 | D:4      | Found a blossoming altar of Fedhas.
  2178 | D:4      | Found Pevituc's Armour Shoppe.
  2508 | D:5      | Entered Level 5 of the Dungeon
  2524 | D:5      | Noticed an ice beast
  2526 | D:5      | Gained mutation: You are mostly covered in sharp spines.
                  | [demonic ancestry]
  2526 | D:5      | Reached XP level 6. HP: 46/47 MP: 6/6
  2528 | D:5      | Killed an ice beast
  2785 | D:5      | Found a transporter.
  2807 | D:5      | Reached XP level 7. HP: 52/54 MP: 7/7
  2929 | D:5      | Noticed Edmund
  2948 | D:5      | Killed Edmund
  3358 | D:5      | Found a transporter.
  3676 | D:5      | Found a snail-covered altar of Cheibriados.
  3817 | D:5      | Mangled by an ogre zombie

Illustrated notes

Levels and vault maps discovered:
D:1:      amcnicky_arrival_single_pillar, layout_basic
D:2:      layout_basic
D:3:      layout_basic, amcnicky_altar_gilded, uniq_jessica
D:4:      layout_loops_ring, kennysheep_little_box,
          mainiacjoe_overflow_tiny_flanked, mainiacjoe_overflow_six_doors_small,
          serial_shops, nicolae_shop_temple_entry_statues_fountains,
          hangedman_decor_peaks_small
D:5:      gammafunk_cloud_chamber, layout_basic, chei_slow_surprise,
          serial_glass, glass_columns_b, glass_columns_c, glass_columns_a,
          glass_columns_a, glass_columns_a, glass_columns_c, glass_columns_a,
          glass_columns_a, glass_columns_a, glass_columns_b, uniq_edmund

Skill      XL: |  1  2  3  4  5  6 |
---------------+-------------------+-----
Polearms       | 3 4 |  4.8
Armour         | 1 2 3 |  3.8
Dodging        | 3 4 |  4.8
Fighting       | 3 4 |  4.7
Throwing       | |  1.7

Action                     |  1- 3 |  4- 6 |  7- 9 || total
---------------------------+-------+-------+-------++-------
  Melee: Trident           |    84 |    56 |    52 ||   192
         Touch             |     5 |     7 |     6 ||    18
         Punch             |       |     1 |       ||     1
  Throw: Throwing net      |       |     4 |     2 ||     6
    Use: Scroll            |    10 |     3 |     3 ||    16
         Potion            |       |       |     2 ||     2
   Stab: Sleeping          |     2 |       |       ||     2
 Armour: Leather armour    |    14 |     5 |     8 ||    27
  Dodge: Dodged            |    26 |    17 |    20 ||    63

Table legend: (Time is in decaauts)
 A = Elapsed time spent in this place.
 B = Non-inter-level travel time spent in this place.
 C = Inter-level travel time spent in this place.
 D = Time resting spent in this place.
 E = Time spent auto-exploring this place.
 F = Levels seen in this place.
 G = Mean time per level.
                   A        B        C        D        E       F      G
               +--------+--------+--------+--------+--------+-----+--------+
         Total |   3838 |   3723 |    115 |     89 |   3061 |   5 |  767.6 |
       Dungeon |   3838 |   3723 |    115 |     89 |   3061 |   5 |  767.6 |
               +--------+--------+--------+--------+--------+-----+--------+

Top non-repeatable levels by time:
     D:5: 1314 daAuts
     D:4: 786 daAuts
     D:1: 758 daAuts
     D:3: 548 daAuts
     D:2: 429 daAuts
